 Dungeon Crawl Stone Soup version 0.26-b1-32-g5d43845318 (webtiles) character file.

Game seed: 14938249479863674119

12829 Aviak the Fighter (level 11, -4/60 HPs)
             Began as a Vine Stalker Gladiator on Jan 9, 2021.
             Was a Believer of Ru.
             Killed from afar by a swamp worm (10 damage)
             ... with a harpoon shot
             ... on level 11 of the Dungeon.
             The game lasted 00:18:34 (8788 turns).

Aviak the Fighter (Vine Stalker Gladiator)          Turns: 8788, Time: 00:18:35

Health: -4/60      AC: 13    Str: 19    XL:     11   Next: 99%
Magic:  0/12       EV: 14    Int:  8    God:    Ru [**....]
Gold:   400        SH:  9    Dex: 20    Spells: 10/10 levels left

rFire    . . .     SeeInvis .   O - +5 falchion (freeze) (curse)
rCold    . . .     Faith    .   N - +3 buckler "Nugudoamo" {rElec Dex+3}
rNeg     . . .     Spirit   +   k - +0 scale mail
rPois    +         Reflect  .   D - +2 helmet
rElec    +         Harm     .   (no cloak)
rCorr    .         Rampage  .   Q - +0 pair of gloves
Will     +....                  l - +0 pair of boots
Stlth    ..........             n - amulet of regeneration
HPRegen  1.00/turn              P - ring of poison resistance
MPRegen  0.13/turn              K - +4 ring of slaying

@: hasted, very quick
A: fangs 3, regeneration 1, magic shield, antimagic bite, no potion heal 3,
disrupted magic 1, unskilled 1
a: Renounce Religion


You were on level 11 of the Dungeon.
You worshipped Ru.
Ru was pleased with you.
You visited 2 branches of the dungeon, and saw 12 of its levels.
You also visited: Sewer.

You collected 850 gold pieces.
You spent 450 gold pieces at shops.

Inventory:

Hand Weapons
 a - a +1 long sword
 m - a +4 dagger
 z - a +3 spear
 O - a cursed +5 falchion of freezing (weapon)
Missiles
 d - 4 throwing nets (quivered) {!f}
Armour
 k - a +0 scale mail (worn)
 l - a +0 pair of boots (worn)
 D - a +2 helmet (worn)
 E - a +2 kite shield
 N - the +3 buckler "Nugudoamo" (worn) {rElec Dex+3}
   (You bought it in a shop on level 8 of the Dungeon)

   It affects your dexterity (+3).
   It insulates you from electricity.
 Q - a +0 pair of gloves (worn)
Jewellery
 n - an amulet of regeneration (around neck)
 C - a +6 ring of strength
 F - an uncursed ring of protection from fire
 K - a +4 ring of slaying (right hand)
 P - a ring of poison resistance (left hand)
Wands
 b - a wand of acid (25)
 g - a wand of flame (77)
 y - a wand of paralysis (6)
 J - a wand of iceblast (7)
 L - a wand of polymorph (5)
Scrolls
 c - a scroll of fear {unknown}
 e - 2 scrolls of enchant weapon
 j - 9 scrolls of magic mapping
 r - 6 scrolls of remove curse
 t - 5 scrolls of teleportation
 v - 3 scrolls of immolation {unknown}
 x - 4 scrolls of blinking
 R - a scroll of amnesia {unknown}
 S - 2 scrolls of enchant armour {unknown}
 U - a scroll of noise {unknown}
Potions
 f - 2 potions of mutation {!q}
 o - a potion of invisibility {unknown}
 p - 2 potions of berserk rage
 q - 2 potions of lignification {unknown}
 s - 2 potions of might
 u - 2 potions of degeneration {unknown}
 B - 2 potions of resistance
 G - 4 potions of brilliance {unknown}
 H - 3 potions of flight {unknown}
 I - a potion of attraction {unknown}
 M - 4 potions of curing {unknown}
 T - a potion of ambrosia {unknown}
Miscellaneous
 A - a phantom mirror (inert)


   Skills:
 + Level 8.7 Fighting
 - Level 5.8(7.2) Short Blades
 + Level 6.5(7.5) Long Blades
 - Level 1.8 Throwing
 + Level 5.5 Armour
 - Level 5.6 Dodging
 + Level 6.1 Shields


You had 10 spell levels left.
You didn't know any spells.
Your spell library was empty.

Dungeon Overview and Level Annotations

Branches:
Dungeon (11/15)            Temple (1/1) D:7            Lair (0/6) D:10
  Sewer (visited)
    Orc: D:9-12

Altars:
Ashenzari
Cheibriados
Dithmenos
Elyvilon
Fedhas
Gozag
Hepliaklqana
Kikubaaqudgha
Makhleb
Nemelex Xobeh
Okawaru
Qazlal
Ru
Sif Muna
Trog
Uskayaw
Vehumet
Wu Jian
Xom
Yredelemnul
Zin
The Shining One

Shops:
D:6 =   D:7 }   D:8 [   D:9 (

Annotations:
D:6 1 runed translucent door, Dirian's ghost, novice MiFi
D:11 exclusion: ice statue


Innate Abilities, Weirdness & Mutations

You have razor-sharp teeth.
Your natural rate of healing is unusually fast.
When hurt, damage is shared between your health and your magic reserves.
Your bite disrupts and absorbs the magic of your enemies.
Potions cannot restore your health.
Your casting is slightly disrupted.
You are somewhat unskilled. (-1 Apt)


Message History

Your swamp worm bites the swamp worm!
The swamp worm bites your swamp worm!!
Evoke which item? (* to show all) (? for menu, Esc to quit)
You don't have any such object.
Evoke which item? (* to show all) (? for menu, Esc to quit)
Okay, then.
Evoke which item? (* to show all) (? for menu, Esc to quit)
Aiming: Corrosive Bolt
Press: ? - help, Shift-Dir - straight line, f - you, p - swamp worm You can't see any hostile targets that would be affected.
Okay, then.
Evoke which item? (* to show all) (? for menu, Esc to quit)
Aiming: Corrosive Bolt
Press: ? - help, Shift-Dir - straight line, f - you, p - swamp worm You can't see any hostile targets that would be affected.
Okay, then.
Your swamp worm stops glowing.
The swamp worm stops glowing.
The swamp worm fires a harpoon shot at you.
The harpoon shot hits you!
You die...

### #.# #.# ###
#########.### ..#
#.......≈≈≈≈ ..#
#@...w.≈≈≈≈ ..#
#....≈≈w≈s## ..#
#...≈≈≈##§≈###
..#
#...≈≈##ww≈s≈#
..#
#...≈≈#≈≈≈≈≈≈B≈≈≈
..#
#...≈≈##≈≈?|≈#P≈≈
..#
#...≈≈≈###≈### ≈≈
..# #.###≈≈≈ ## .
..#


You could see a swamp worm and a friendly swamp worm (summoned, drained).

Vanquished Creatures
  A boulder beetle (D:11)
  2 two-headed ogres
  An obsidian statue (D:11)
  A manticore (D:11)
  Joseph (D:9)
  A troll (D:10)
  Grinder (D:3)
  Prince Ribbit (D:6)
  2 wyverns (D:10)
  9 yaks (D:10)
  A vampire (D:9)
  A wraith (D:10)
  A steam dragon (D:10)
  6 water moccasins
  3 orc warriors
  3 phantoms
  4 sky beasts
  4 ice beasts
  11 centaurs
  6 ogres
  2 big kobolds
  8 bullfrogs
  Blork the orc (D:6)
  A gnoll sergeant (D:6)
  A wyvern skeleton (D:10)
  A scorpion (D:10)
  A water moccasin skeleton (D:11)
  6 wights
  An electric eel (D:10)
  4 howler monkeys
  8 centaur zombies
  2 hounds
  4 bullfrog zombies
  A bullfrog skeleton (D:8)
  6 jellies
  8 orc priests
  Terence (D:2)
  2 centaur skeletons
  8 orc wizards
  An iguana (D:9)
  11 worker ants
  A hound zombie (D:11)
  A hound skeleton (D:4)
  A howler monkey zombie (D:7)
  2 worker ant zombies
  6 gnolls
  15 adders
  A shadow imp (D:8)
  5 white imps
  4 ufetubi
  16 oozes
  4 adder zombies
  An adder skeleton (D:7)
  5 worms
  A dart slug (D:4)
  13 leopard geckos
  34 orcs
  7 bats
  13 giant cockroaches
  3 goblins
  7 hobgoblins
  10 jackals
  18 kobolds
  A quokka (D:6)
  12 ball pythons
  16 frilled lizards
  A giant cockroach zombie (D:4)
  A jackal zombie (D:4)
  A leopard gecko zombie (D:4)
  2 quokka skeletons (D:4)
  A quokka zombie (D:4)
  5 rats
346 creatures vanquished.

Vanquished Creatures (others)
  23 plants
  2 withered plants (D:6)
25 creatures vanquished.

Grand Total: 371 creatures vanquished

Notes
Turn   | Place    | Note
-------+----------+-------------------------------------------
     0 | D:1      | Aviak the Vine Stalker Gladiator began the quest for the
                  | Orb.
     0 | D:1      | Reached XP level 1. HP: 11/11 MP: 2/2
   180 | D:1      | Reached XP level 2. HP: 14/15 MP: 3/3
   181 | D:1      | Reached skill level 2 in Fighting
   864 | D:2      | Reached XP level 3. HP: 16/18 MP: 4/4
  1086 | D:2      | Noticed Terence
  1095 | D:2      | Killed Terence
  1096 | D:2      | Gained mutation: Your natural rate of healing is unusually
                  | fast. [Vine Stalker growth]
  1096 | D:2      | Reached XP level 4. HP: 23/23 MP: 5/5
  1724 | D:3      | Found a glowing drain.
  1745 | Sewer    | Entered a sewer
  1797 | Sewer    | Reached skill level 3 in Fighting
  1797 | Sewer    | Reached XP level 5. HP: 28/28 MP: 6/6
  2013 | Sewer    | Reached XP level 6. HP: 14/32 MP: 3/7
  2301 | D:3      | Noticed Grinder
  2326 | D:3      | Killed Grinder
  2327 | D:3      | Reached skill level 4 in Fighting
  2327 | D:3      | Reached XP level 7. HP: 18/37 MP: 1/8
  3001 | D:4      | Reached skill level 1 in Short Blades
  3218 | D:4      | Gained mutation: You have razor-sharp teeth. [Vine Stalker
                  | growth]
  3218 | D:4      | Reached XP level 8. HP: 38/42 MP: 7/9
  3322 | D:4      | Reached skill level 5 in Fighting
  3332 | D:4      | Reached skill level 5 in Dodging
  3561 | D:5      | Entered Level 5 of the Dungeon
  3584 | D:5      | Got a pair of slimy boots
  3595 | D:5      | Identified the cursed -7 pair of boots "Luil" {+Fly rC+++
                  | Int-2 Dex-4} (You found it on level 5 of the Dungeon)
  4146 | D:6      | Noticed Prince Ribbit
  4169 | D:6      | Killed Prince Ribbit
  4170 | D:6      | Reached skill level 6 in Fighting
  4170 | D:6      | Reached XP level 9. HP: 44/48 MP: 8/10
  4191 | D:6      | Noticed Dirian's ghost (novice MiFi)
  4192 | D:6      | Found a runed translucent door.
  4315 | D:6      | Noticed Blork the orc
  4326 | D:6      | Killed Blork the orc
  4359 | D:6      | Reached skill level 1 in Shields
  4460 | D:6      | Reached skill level 1 in Armour
  4660 | D:6      | Reached skill level 5 in Short Blades
  4904 | D:6      | Found Ocwanof's Jewellery Shoppe.
  4920 | D:6      | Bought an uncursed ring of poison resistance for 260 gold
                  | pieces
  5121 | D:7      | Reached skill level 7 in Fighting
  5210 | D:7      | Found Biry's Gadget Shop.
  5426 | D:7      | Reached XP level 10. HP: 55/55 MP: 11/11
  5692 | D:7      | Found a staircase to the Ecumenical Temple.
  5829 | Temple   | Entered the Ecumenical Temple
  6123 | Temple   | Became a worshipper of Ru the Awakened
  6171 | D:8      | Noticed a two-headed ogre
  6185 | D:8      | Killed a two-headed ogre
  6209 | D:8      | Found a bloodstained altar of Trog.
  6241 | D:8      | Found Pekotwel's Antique Armour Shoppe.
  6482 | D:8      | Bought an ancient buckler for 190 gold pieces
  6492 | D:8      | Identified the +3 buckler "Nugudoamo" {rElec Dex+3} (You
                  | bought it in a shop on level 8 of the Dungeon)
  6738 | D:8      | Reached skill level 8 in Fighting
  6738 | D:8      | Reached skill level 5 in Long Blades
  7165 | D:9      | Gained mutation: You are somewhat unskilled. (-1 Apt) [Ru
                  | sacrifice]
  7165 | D:9      | Reduced skill Fighting to level 7
  7165 | D:9      | Reduced skill Short Blades to level 5
  7165 | D:9      | Reduced skill Throwing to level 1
  7165 | D:9      | Reduced skill Dodging to level 5
  7165 | D:9      | Reached * piety under Ru
  7165 | D:9      | Reached ** piety under Ru
  7177 | D:9      | Found a white marble altar of Elyvilon.
  7241 | D:9      | Found Vucepewk's Antique Weapon Boutique.
  7242 | D:9      | Noticed a two-headed ogre
  7244 | D:9      | Noticed Joseph
  7283 | D:9      | Killed a two-headed ogre
  7284 | D:9      | Reached skill level 5 in Long Blades
  7284 | D:9      | Reached XP level 11. HP: 43/59 MP: 12/12
  7292 | D:9      | Killed Joseph
  7658 | D:10     | Entered Level 10 of the Dungeon
  7671 | D:10     | Reached skill level 5 in Shields
  7705 | D:10     | Reached skill level 8 in Fighting
  7717 | D:10     | Found a staircase to the Lair.
  7868 | D:10     | Reached skill level 5 in Armour
  8334 | D:11     | Noticed an obsidian statue
  8365 | D:11     | Gained mutation: Your casting is slightly disrupted. [Ru
                  | sacrifice]
  8413 | D:11     | Killed an obsidian statue
  8459 | D:11     | Noticed a boulder beetle
  8491 | D:11     | Killed a boulder beetle
  8613 | D:11     | Noticed a manticore
  8623 | D:11     | Killed a manticore
  8781 | D:11     | HP: 1/60 [swamp worm (16)]
  8788 | D:11     | Killed from afar by a swamp worm

Illustrated notes

Levels and vault maps discovered:
D:1:      dpeg_arrival_concentric_ovals, layout_rooms, serial_forest,
          infiniplex_forest_clump_small, infiniplex_forest_pool,
          infiniplex_forest_clump_medium, infiniplex_forest_lined_room_,
          infiniplex_forest_lined_corner, infiniplex_forest_pool,
          minmay_tetromino_l2
D:2:      layout_rooms, uniq_terence
D:3:      layout_basic, serial_bayou, serial_bayou_pond_c, serial_bayou_pond_b,
          serial_bayou_pond_e, serial_bayou_crossing, gup_sewer_entry_pipe,
          uniq_grinder
D:4:      layout_loops_ring, serial_undead, serial_undead_d, serial_undead_d,
          serial_undead_d, serial_undead_a
D:5:      layout_rooms
D:6:      layout_basic, serial_shops, shop_statue, gammafunk_ghost_grave,
          sword_in_stone, uniq_prince_ribbit1
D:7:      layout_loops_ring, minmay_temple_entry_poolview, serial_shops,
          shop_fountains, item_on_display_a
D:8:      layout_cave_pods, basic_altar, serial_shops, nicolae_shop_waterfront
D:9:      layout_cross, elyvilon_altar_3, serial_shops, shop_statue, uniq_joseph
D:10:     cheibrodos_helix_gallery, layout_rooms, minmay_lair_entry_grove
D:11:     minmay_separated_statues, layout_small_grid, worms_lemuel
Temple:   compressed_dpeg_triangle_lava_temple

Skill      XL: |  1  2  3  4  5  6  7  8  9 10 11 |
---------------+----------------------------------+-----
Throwing       | 2 1 |  1.8
Fighting       | 2 3 4 6 7 7 8 |  8.7
Long Blades    | 3 4 5 6 |  6.5
Dodging        | 3 4 5 6 5 |  5.6
Short Blades   | 1 4 5 5 |  5.8
Shields        | 2 4 6 |  6.1
Armour         | 2 4 5 |  5.5

Action                   |  1- 3 |  4- 6 |  7- 9 | 10-12 || total
-------------------------+-------+-------+-------+-------++-------
Melee: Long sword        |    58 |   218 |    36 |       ||   312
       Bite              |    17 |    55 |   216 |   206 ||   494
       Dagger            |       |       |   425 |   162 ||   587
       Falchion          |       |       |       |   268 ||   268
Invok: Sacrifice Skill   |       |       |       |     1 ||     1
       Sacrifice Essence |       |       |       |     1 ||     1
Evoke: Wand              |       |     3 |     1 |    11 ||    15
       Phantom mirror    |       |       |       |     1 ||     1
  Use: Scroll            |     4 |       |     5 |     5 ||    14
       Potion            |       |       |       |     1 ||     1
 Stab: Paralysed         |       |       |       |    10 ||    10
       Distracted        |       |       |       |     2 ||     2
Armor: Leather armour    |    20 |     1 |       |       ||    21
       Scale mail        |       |   127 |    88 |   101 ||   316
Dodge: Dodged            |    62 |   197 |   187 |   142 ||   588
Block: Kite shield       |       |       |    57 |    36 ||    93
       Buckler           |       |       |       |   131 ||   131
       Rpst.: Long sword |    25 |    58 |     7 |       ||    90
       Falchion          |       |       |       |    26 ||    26
